 Dungeon Crawl Stone Soup version 0.18.1-50-g88ac8fd (webtiles) character file.

10 Nordron the Insei (level 2, -1/18 HPs)
             Began as an Octopode Transmuter on Sept 24, 2016.
             Slain by a jackal (2 damage)
             ... on level 1 of the Dungeon.
             The game lasted 00:01:25 (88 turns).

Nordron the Insei (Octopode Transmuter)               Turns: 88, Time: 00:01:26

Health: -1/18      AC:  1    Str:  9    XL:     2   Next: 20%
Magic:  5/5        EV: 12    Int: 15    God:
Gold:   0          SH:  0    Dex: 12    Spells: 1 memorised, 4 levels left

rFire  . . .     SeeInvis .     e - +0 club
rCold  . . .     Gourm    .     (no shield)
rNeg   . . .     Faith    .     (helmet restricted)
rPois  .         Spirit   .     (no amulet)
rElec  .         Dismiss  .     (no ring)
rCorr  .         Reflect  .     (no ring)
SustAt .         Harm     .     (no ring)
MR     .....                    (no ring)
Stlth  ++........               (no ring)
                                (no ring)
                                (no ring)
                                (no ring)

@: not resistant to hostile enchantments, unstealthy
A: almost no armour, amphibious, 8 rings, constrict 8, camouflage 1, gelatinous
body 1
a: no special abilities


You were on level 1 of the Dungeon.
You were not hungry.

You visited 1 branch of the dungeon, and saw 1 of its levels.

Inventory:

Hand Weapons
 e - a +0 club (weapon)
Missiles
 a - 12 arrows
Scrolls
 h - a scroll of identify {unknown}
Potions
 f - a potion of curing {unknown}
 g - a potion of agility {unknown}
Books
 b - a book of Changes

   Spells                             Type                      Level
   a - Beastly Appendage              Transmutation                1
   b - Sticks to Snakes               Transmutation                2
   c - Spider Form                    Transmutation/Poison         3
   d - Ice Form                       Ice/Transmutation            4
   e - Blade Hands                    Transmutation                5
Comestibles
 c - a bread ration
 d - 6 chunks of flesh


   Skills:
 + Level 1.2 Fighting
 - Level 2.0 Dodging
 - Level 3.0 Unarmed Combat
 - Level 2.0 Spellcasting
 * Level 2.7 Transmutations


You had 4 spell levels left.
You knew the following spells:

 Your Spells              Type           Power        Failure   Level  Hunger
a - Beastly Appendage     Trmt           #.....       10%         1    #......


Dungeon Overview and Level Annotations

Branches:
Dungeon (1/15)

Altars:


Innate Abilities, Weirdness & Mutations

You cannot wear most types of armour.
You are amphibious.
You can wear up to eight rings at the same time.
You can use your tentacles to constrict eight enemies at once.
Your skin changes colour to match your surroundings (Stealth).
Your rubbery body absorbs attacks (AC +1).


Message History

The jackal misses you. The jackal closely misses you. The jackal bites you.
You release your grip on the jackal.
You barely miss the hobgoblin. You grab the hobgoblin.
You constrict the hobgoblin, but do no damage.
The jackal closely misses you. The hobgoblin barely misses you.
The jackal misses you. The hobgoblin hits you with a club.
* * * LOW HITPOINT WARNING * * *
You hit the hobgoblin.
You pierce the hobgoblin, but do no damage.
The hobgoblin is heavily wounded.
You constrict the hobgoblin.
You kill the hobgoblin!
The jackal closely misses you. The jackal bites you.
* * * LOW HITPOINT WARNING * * *
You hit the jackal. You grab the jackal.
The jackal is almost dead.
Your tentacle spike disappears.
You constrict the jackal, but do no damage.
The jackal barely misses you. The jackal bites you.
You die...

#.#### #....#
##....#######
............+
##....####### # #....# ...
##....## ....?
.......############.(.....
####.....)....hh@)........
#.........gr#####......
#...........'gr.†......
#...........##.....####
#...........'+.....#
#...........##.(..##
####....#+#######......
..........#8.8###.######
###.###........##.#


You could see 2 jackals, a hobgoblin and a rat.

Vanquished Creatures
  2 giant cockroaches (D:1)
  2 goblins (D:1)
  A hobgoblin (D:1)
  2 jackals (D:1)
  A rat (D:1)
8 creatures vanquished.

Notes
Turn   | Place    | Note
--------------------------------------------------------------
     0 | D:1      | Nordron the Octopode Transmuter began the quest for the Orb.
     0 | D:1      | Reached XP level 1. HP: 13/13 MP: 3/3
    78 | D:1      | Reached XP level 2. HP: 15/18 MP: 5/5
    88 | D:1      | Slain by a jackal

Action                   || total
-------------------------++-------
Melee: Club              ||    16
       Constrict         ||     9
       Tentacles         ||     4
       Unarmed           ||     3
       Kick              ||     4
       Punch             ||     1
 Cast: Beastly Appendage ||     4
 Stab: Sleeping          ||     1
Armor: Skin              ||     3
Dodge: Dodged            ||    26
